Map: Honorgrounds LE

Players

Rodzyn

  • Race: Protoss Protoss
  • Spawn Location: 1:00

Guru - Winner!

  • Race: Zerg Zerg
  • Spawn Location: 11:00

Event: IEM XI Katowice - World Championship 2017

VOD

Have the link to the VOD?

Description

Time

  • Played on: Feb. 28, 2017, 8:33 a.m.
  • Length: 16:49

All games in this series

Show
View Real Time Build Order
Export as new Build Order

Rodzyn Protoss 

Build Orders: 1 Gate Expand, Oracle Opening 

Get SALT Encoding   

  12  0:00  Probe (Chrono Boost)  
  13  0:11  Probe (Chrono Boost)  
  14  0:19  Pylon  
  14  0:23  Probe (Chrono Boost)  
  15  0:38  Probe (Chrono Boost)  
  15  0:39  Gateway  
  16  0:49  Probe (Chrono Boost)  
  17  0:50  Assimilator  
  17  0:59  Probe (Chrono Boost)  
  18  1:10  Probe (Chrono Boost)  
  19  1:25  Nexus  
  19  1:31  Probe (Chrono Boost)  
  20  1:39  Cybernetics Core  
  20  1:43  Probe (Chrono Boost)  
  21  1:58  Probe (Chrono Boost)  
  21  2:00  Assimilator  
  22  2:04  Pylon  
  22  2:11  Probe (Chrono Boost)  
  23  2:18  Adept  
  23  2:21  Warp Gate  
  25  2:24  Probe (Chrono Boost)  
  26  2:36  Probe (Chrono Boost)  
  27  2:39  Probe (Chrono Boost)  
  28  2:49  Probe x2 (Chrono Boost)  
  28  2:51  Adept  
  30  2:54  Stargate  
  32  3:02  Probe (Chrono Boost)  
  32  3:03  Probe (Chrono Boost)  
  34  3:13  Probe (Chrono Boost)  
  34  3:15  Probe (Chrono Boost)  
  34  3:19  Gateway  
  36  3:23  Probe (Chrono Boost)  
  38  3:27  Probe (Chrono Boost)  
  38  3:33  Oracle, Pylon  
  39  3:34  Probe (Chrono Boost)  
  43  3:41  Probe (Chrono Boost)  
  43  3:44  Probe (Chrono Boost)  
  44  3:53  Probe (Chrono Boost)  
  44  3:54  Gateway  
  45  3:58  Probe (Chrono Boost)  
  44  4:05  Probe (Chrono Boost)  
  44  4:06  Pylon  
  44  4:09  Probe (Chrono Boost)  
  46  4:12  Assimilator x2  
  46  4:13  Void Ray  
  47  4:18  Probe (Chrono Boost)  
  47  4:20  Mothership Core (Chrono Boost)  
  53  4:30  Probe (Chrono Boost)  
  55  4:38  Probe (Chrono Boost)  
  55  4:43  Probe (Chrono Boost)  
  56  4:47  Adept  
  56  4:49  Adept  
  60  4:54  Nexus  
  60  4:55  Pylon, Adept  
  62  5:05  Pylon  
  62  5:11  Pylon  
  62  5:13  Robotics Facility  
  63  5:15  Probe (Chrono Boost)  
  63  5:19  Adept x3  
  67  5:23  Void Ray  
  67  5:24  Gateway  
  68  5:44  Probe (Chrono Boost)  
  68  5:45  Adept x2  
  68  5:46  Pylon  
  68  5:48  Gateway  
  70  5:50  Adept  
  68  6:00  Probe (Chrono Boost)  
  68  6:02  Pylon  
  60  6:14  Adept x3  
  55  6:20  Probe (Chrono Boost)  
  55  6:22  Probe x2 (Chrono Boost)  
  58  6:31  Probe (Chrono Boost)  
  58  6:32  Probe (Chrono Boost)  
  61  6:34  Probe (Chrono Boost)  
  61  6:41  Probe (Chrono Boost)  
  61  6:42  Observer  
  61  6:43  Probe (Chrono Boost)  
  61  6:46  Probe (Chrono Boost)  
  65  6:52  Probe (Chrono Boost)  
  65  6:53  Probe (Chrono Boost)  
  63  6:54  Sentry x3  
  63  6:55  Sentry x2  
  63  6:57  Pylon  
  63  6:58  Probe (Chrono Boost)  
  63  7:00  Forge  
  72  7:02  Probe (Chrono Boost)  
  72  7:04  Probe (Chrono Boost)  
  73  7:09  Warp Prism  
  73  7:10  Probe (Chrono Boost)  
  73  7:11  Twilight Council  
  76  7:16  Probe x2 (Chrono Boost)  
  76  7:22  Probe (Chrono Boost)  
  79  7:24  Sentry x3  
  79  7:25  Sentry x2  
  79  7:27  Probe (Chrono Boost)  
  79  7:29  Probe (Chrono Boost)  
  91  7:31  Protoss Ground Weapons Level 1  
  91  7:34  Probe (Chrono Boost)  
  92  7:37  Probe (Chrono Boost)  
  92  7:39  Assimilator  
  92  7:42  Gateway  
  92  7:43  Assimilator  
  93  7:46  Gateway  
  93  7:48  Gateway  
  93  7:50  Immortal  
  97  8:00  Adept x2  
  97  8:04  Pylon  
  101  8:08  Pylon  
  101  8:15  Pylon  
  101  8:25  Adept x4  
  109  8:28  Pylon x2, Adept, Immortal  
  111  8:57  Adept x2  
  111  8:58  Adept x6  
  111  9:01  Robotics Bay  
  127  9:10  Robotics Facility  
  125  9:23  Adept x2  
  125  9:24  Adept x6  
  139  9:34  Probe (Chrono Boost)  
  140  9:41  Nexus  
  140  9:55  Pylon  
  140  9:56  Pylon  
  140  9:57  Pylon  
  140  9:58  Pylon  
  140  10:04  Protoss Ground Weapons Level 2  
  140  10:06  Blink  
  140  10:08  Disruptor  
  140  10:11  Pylon, Probe (Chrono Boost)  
  144  10:14  Disruptor  
  146  10:21  Probe (Chrono Boost)  
  146  10:25  Stalker x4  
  146  10:26  Stalker x2  
  160  10:36  Probe x2 (Chrono Boost)  
  160  10:39  Phoenix  
  160  10:40  Disruptor  
  162  10:49  Disruptor  
  160  11:05  Stalker  
  160  11:06  Stalker x6  
  160  11:07  Stalker  
  176  11:11  Disruptor  
  179  11:25  Warp Prism  
  177  11:46  Stalker x5, Warp Prism  
  177  11:47  Stalker x3  
  183  11:50  Pylon  
  179  12:19  Stalker x6  
  179  12:20  Stalker x2  
  189  12:42  Adept x3  
  189  12:43  Adept x2  
  199  13:00  Assimilator x2  
  197  13:18  Adept  
  192  13:28  Pylon  
  170  13:35  Adept x2  
  170  13:36  Adept x5  
  178  13:41  Disruptor  
  179  14:02  Nexus  
  179  14:06  Pylon  
  179  14:12  Pylon  
  179  14:24  Disruptor  
  175  14:32  Adept x7  
  155  15:05  Stalker x4  
  155  15:06  Stalker x4  
  171  15:09  Immortal  
  120  15:39  Stalker x4  
  120  15:40  Stalker x4  
  134  15:47  Probe (Chrono Boost)  
  111  16:12  Adept x4  
  85  16:34  Sentry x4  
Show
View Real Time Build Order
Export as new Build Order

Guru Zerg - Winner!

Build Orders: Pool First, Lurkers 

Get SALT Encoding   

  12  0:01  Drone  
  13  0:13  Overlord  
  13  0:18  Drone  
  14  0:32  Drone  
  14  0:33  Drone  
  16  0:36  Drone  
  17  0:46  Spawning Pool  
  17  0:49  Drone  
  17  1:10  Hatchery  
  16  1:15  Extractor, Drone  
  16  1:17  Drone  
  17  1:27  Drone  
  17  1:32  Queen  
  20  1:35  Zergling x2  
  21  1:42  Overlord  
  21  1:52  Drone  
  22  2:02  Drone  
  22  2:08  Queen  
  25  2:13  Drone  
  26  2:16  Metabolic Boost  
  26  2:22  Drone x2  
  28  2:39  Hatchery  
  28  2:42  Drone x2  
  29  2:46  Drone  
  29  2:47  Drone  
  30  2:58  Drone x2  
  32  2:59  Zergling x4  
  34  3:07  Zergling x2  
  35  3:17  Overlord  
  35  3:19  Drone  
  36  3:26  Roach Warren  
  35  3:28  Overlord  
  35  3:31  Drone  
  36  3:37  Queen, Drone x2  
  36  3:39  Drone x2  
  36  3:41  Overlord  
  41  3:52  Drone  
  41  3:58  Overlord  
  40  4:12  Overlord  
  40  4:15  Roach x4  
  40  4:16  Roach x4  
  56  4:18  Roach  
  56  4:23  Roach x2  
  62  4:27  Spore Crawler  
  62  4:30  Overlord  
  61  4:33  Overlord  
  58  4:41  Drone  
  58  4:42  Overlord  
  58  4:47  Zergling x4  
  58  4:48  Zergling x4  
  62  4:57  Zergling x2  
  63  5:01  Overlord  
  63  5:05  Zergling x8  
  63  5:06  Zergling x4  
  69  5:11  Ravager x2  
  69  5:12  Zergling x2  
  69  5:13  Zergling x2  
  73  5:14  Zergling x2  
  73  5:15  Zergling x2  
  73  5:17  Zergling x4  
  73  5:20  Zergling x2  
  76  5:21  Ravager  
  76  5:23  Zergling x2  
  78  5:32  Drone x2  
  78  5:33  Drone x2  
  78  5:35  Drone x2  
  83  5:37  Drone  
  83  5:40  Drone  
  83  5:41  Drone  
  80  5:54  Drone x5  
  80  5:55  Drone  
  75  5:57  Drone x2  
  75  6:01  Drone  
  75  6:07  Queen  
  76  6:11  Drone  
  76  6:15  Drone x2  
  76  6:18  Drone x3  
  70  6:20  Zergling x6  
  70  6:25  Lair, Extractor x2  
  63  6:27  Evolution Chamber  
  63  6:28  Zergling x6  
  63  6:32  Zergling x2  
  66  6:39  Drone x2  
  68  6:41  Zergling x10  
  68  6:43  Queen  
  68  6:45  Spore Crawler  
  68  6:46  Drone  
  75  6:49  Zergling x4  
  75  6:51  Drone x2  
  77  6:54  Zerg Missile Weapons Level 1  
  77  6:55  Drone  
  77  6:57  Drone x2  
  77  7:01  Drone x2  
  79  7:12  Extractor, Drone  
  79  7:13  Extractor, Drone x4  
  79  7:14  Drone  
  82  7:24  Hydralisk Den  
  81  7:34  Drone  
  81  7:36  Extractor, Drone x3  
  85  7:37  Overlord, Drone  
  85  7:44  Glial Reconstitution  
  85  7:47  Drone  
  85  7:48  Roach x2  
  85  7:49  Roach x6  
  85  7:50  Roach  
  104  7:54  Overlord, Muscular Augments  
  104  7:56  Overlord  
  104  7:59  Overlord  
  104  8:07  Hatchery  
  104  8:10  Hydralisk x5  
  104  8:11  Hydralisk  
  115  8:15  Hydralisk x2  
  115  8:16  Hydralisk  
  121  8:20  Overseer  
  121  8:24  Hydralisk  
  123  8:29  Zergling x6  
  123  8:31  Hydralisk x2  
  130  8:35  Hydralisk x2  
  130  8:38  Hydralisk  
  130  8:41  Zergling x6  
  137  8:45  Hydralisk  
  137  8:46  Hydralisk  
  137  8:48  Zergling x2  
  137  8:50  Hydralisk  
  135  9:00  Roach x2  
  135  9:05  Zergling x2  
  135  9:06  Zergling x2  
  135  9:09  Overlord x3  
  137  9:15  Overlord  
  137  9:16  Overseer  
  137  9:22  Hydralisk x2  
  137  9:23  Hydralisk x3  
  142  9:26  Zergling x2  
  142  9:29  Drone x3  
  146  9:32  Hydralisk x3  
  146  9:34  Hydralisk x2  
  156  9:38  Hydralisk  
  156  9:42  Drone  
  156  9:43  Zerg Ground Armor Level 1  
  160  9:45  Drone  
  160  9:47  Infestation Pit  
  160  9:48  Roach x2  
  160  9:50  Zergling x2  
  160  9:52  Zergling x4  
  164  9:58  Evolution Chamber, Drone  
  164  9:59  Zergling x4  
  166  10:00  Baneling Nest  
  162  10:10  Spine Crawler, Drone x3  
  162  10:11  Spore Crawler, Spine Crawler, Drone x2  
  162  10:19  Spore Crawler  
  162  10:20  Spine Crawler  
  162  10:21  Drone x3  
  161  10:23  Drone  
  161  10:24  Zergling x4  
  161  10:25  Zergling x2  
  166  10:30  Zerg Melee Weapons Level 1  
  168  10:35  Ravager x2  
  168  10:36  Ravager x6  
  168  10:38  Zergling x2  
  168  10:40  Overlord x2  
  175  10:43  Overlord  
  175  10:45  Overlord  
  175  10:48  Centrifical Hooks  
  175  10:54  Drone  
  175  10:59  Zergling x14  
  175  11:00  Zergling x10  
  175  11:03  Hive  
  187  11:07  Lurker Den  
  187  11:14  Pneumatized Carapace  
  187  11:16  Drone  
  186  11:20  Zergling x6  
  186  11:21  Zergling x14  
  194  11:29  Zergling x6  
  194  11:31  Baneling  
  194  11:32  Baneling x13  
  172  11:45  Zergling x22  
  179  11:56  Zergling x8  
  179  12:00  Zergling x2  
  162  12:18  Zergling x22  
  162  12:21  Hydralisk  
  170  12:24  Hydralisk  
  169  12:33  Lurker x3  
  169  12:34  Lurker x4  
  169  12:35  Hydralisk x4  
  182  12:37  Zergling x2  
  182  12:38  Zergling x6  
  186  12:46  Zergling x6  
  186  12:49  Zerg Melee Weapons Level 2  
  186  12:50  Zergling x2  
  188  12:52  Hatchery, Extractor  
  188  12:53  Hatchery  
  188  12:55  Adrenal Glands  
  181  13:00  Zergling x6  
  181  13:14  Spore Crawler  
  181  13:18  Lurker x3  
  181  13:19  Zergling x8  
  186  13:20  Zergling x10  
  186  13:26  Zergling x2  
  184  13:27  Zergling x2  
  184  13:28  Zergling x6  
  184  13:32  Zergling x2  
  184  13:34  Zergling x2  
  178  13:49  Queen  
  168  13:59  Ultralisk Cavern  
  168  14:00  Zergling x2  
  168  14:01  Zergling x18  
  177  14:06  Queen x2  
  177  14:09  Zergling x2  
  182  14:15  Hydralisk x2  
  182  14:16  Hydralisk  
  188  14:21  Zergling x12  
  188  14:24  Zergling x4  
  195  14:25  Zergling x2  
  164  14:31  Hydralisk  
  164  14:34  Hydralisk x3  
  164  14:36  Zergling x4  
  171  14:39  Hydralisk x3  
  166  14:45  Hydralisk  
  166  14:47  Hydralisk x3  
  166  14:48  Zergling x2  
  166  14:49  Zergling x2  
  163  14:52  Lurker x2  
  163  14:56  Zergling x6  
  162  15:06  Baneling x23  
  162  15:07  Hydralisk x3, Baneling x4  
  159  15:09  Zergling x4  
  159  15:12  Zergling x2  
  159  15:13  Zergling x2  
  169  15:21  Hydralisk x4  
  159  15:28  Hydralisk  
  146  15:30  Zergling x2  
  146  15:31  Zergling x14  
  153  15:37  Zergling x2  
  153  15:38  Zergling x4  
  153  15:42  Queen  
  153  15:49  Ultralisk  
  153  15:56  Zergling x8  
  157  16:00  Ultralisk  
  157  16:01  Zergling x2  
  157  16:02  Zergling x2  
  166  16:13  Zergling x4  
  166  16:16  Zergling x2  
  166  16:17  Zergling x4  
  158  16:30  Zergling x2  
  158  16:31  Zergling x8  

Tags
 
Add a new tag
Caveats
  • Supply blocks, unpowered buildings, or Contaminate may cause inaccurate times.
  • Supply counts are checked every 10 seconds.